 Dungeon Crawl Stone Soup version 0.24-a0-163-g64c5a76fe2 (webtiles) character file.

Game seed: 11317719013587010161

191 Nvm9 the Shield-Bearer (level 5, 0/41 HPs)
             Began as a Demonspawn Fighter on Mar 6, 2019.
             Slain by an orc priest
             ... wielding a +0 mace
              (4 damage)
             ... on level 4 of the Dungeon.
             The game lasted 00:05:03 (2446 turns).

Nvm9 the Shield-Bearer (Demonspawn Fighter)         Turns: 2446, Time: 00:05:03

Health: 0/41       AC:  8    Str: 18    XL:     5   Next: 42%
Magic:  14/14      EV:  7    Int:  9    God:
Gold:   121        SH:  9    Dex: 12    Spells: 4/4 levels left

rFire    . . .     SeeInvis .   a - +0 war axe
rCold    . . .     Gourm    .   c - +0 shield
rNeg     . . .     Faith    .   b - +0 scale mail
rPois    .         Spirit   .   (no helmet)
rElec    .         Reflect  .   (no cloak)
rCorr    .         Harm     .   (no gloves)
MR       .....                  g - +0 pair of boots
Stlth    ..........             (no amulet)
HPRegen  0.13/turn              m - ring of magical power
MPRegen  0.14/turn              (no ring)

@: no status effects
A: talons 1, spiny 1
a: no special abilities


You were on level 4 of the Dungeon.
You were not hungry.

You visited 1 branch of the dungeon, and saw 4 of its levels.

You collected 121 gold pieces.

Inventory:

Hand Weapons
 a - a +0 war axe (weapon)
Armour
 b - a +0 scale mail (worn)
 c - a +0 shield (worn)
 g - a +0 pair of boots (worn)
 i - a +0 large shield
Jewellery
 m - a ring of magical power (left hand)
Wands
 h - a wand of disintegration (8)
Scrolls
 e - a scroll of fear
 n - a scroll of teleportation
 o - a scroll of identify
Potions
 d - 2 potions of agility
Comestibles
 f - 2 rations


   Skills:
 + Level 3.4 Fighting
 + Level 3.5 Axes
 + Level 3.3 Armour
 + Level 1.1 Dodging
 + Level 0.1 Stealth
 + Level 3.5 Shields


You had 4 spell levels left.
You didn't know any spells.
Your spell library was empty.

Dungeon Overview and Level Annotations

Branches:
Dungeon (4/15)
 Temple: D:4-7

Altars:
Kikubaaqudgha
Qazlal
Ru
Vehumet


Innate Abilities, Weirdness & Mutations

You have sharp toenails.
You are partially covered in sharp spines.


Message History

You slash the adder skeleton!
The adder skeleton is almost destroyed.
The adder skeleton is struck by your spines.
You destroy the adder skeleton!
No target in view!
No target in view!
The orc priest shouts!
You hear a shout!
You closely miss the orc priest.
The orc priest mumbles some strange prayers to Beogh against you.
Beogh smites you!
You hit the orc priest.
The orc priest is moderately wounded.
You hear the brisk rusting of a drain nearby.
The orc priest invokes the aid of Beogh against you.
Pain shoots through your body!
* * * LOW HITPOINT WARNING * * *
You hit the orc priest.
The orc priest is severely wounded.
The orc priest hits you with a +0 mace.
You die...

,*,,≈≈≈≈≈,≈≈≈≈,,,*≈≈≈*≈≈≈≈≈≈*
,*,,≈≈≈≈≈.≈≈≈≈.###≈≈≈#≈≈*≈≈≈*
,*,,≈≈≈≈≈.≈≈≈≈...##≈##≈≈**≈***
**,,≈≈≈≈≈.≈≈≈≈....#≈#≈≈≈≈*≈*,**
,,,,,,,,..≈≈≈≈....#≈#≈≈∩≈*≈*,>***
,,,,≈≈≈≈.........##≈#*≈≈**≈**,,,,
,,,,≈≈≈≈.≈≈≈≈≈...#≈≈≈****≈≈≈*,***
,,,,≈≈≈≈.≈≈≈≈≈..o#≈≈≈≈≈≈≈≈≈≈*,*
,,,,≈≈≈≈.≈≈≈≈≈..@#*≈******≈**,*
,**,≈≈≈≈.≈≈≈≈≈...#*** ####,* *
,**,,,,,.........# #..#,* *
,*******###......# #..#,* * ,*
#......# #<.#** * ,* #.....##
##.# * ,*
*******#.###.###########.# * ,*
*,,,,,...* #.>...........# * ,*
*,,,,...,**########.###.$# *


You could see an orc priest.

Vanquished Creatures
  A hound (D:4)
  2 worker ants
  A hound zombie (D:3)
  2 adders
  An adder skeleton (D:4)
  4 worms
  4 dart slugs
  3 leopard geckos
  A ball python (D:3)
  5 goblins
  8 hobgoblins
  4 jackals
  A quokka (D:3)
  4 bats
  6 frilled lizards
  7 kobolds
  4 rats
58 creatures vanquished.

Notes
Turn   | Place    | Note
-------+----------+-------------------------------------------
     0 | D:1      | Nvm9 the Demonspawn Fighter began the quest for the Orb.
     0 | D:1      | Reached XP level 1. HP: 18/18 MP: 1/1
   185 | D:1      | Gained mutation: You are partially covered in sharp spines.
                  | [demonic ancestry]
   185 | D:1      | Reached XP level 2. HP: 20/24 MP: 2/2
   823 | D:2      | Found a radiant altar of Vehumet.
   841 | D:2      | Reached XP level 3. HP: 25/29 MP: 3/3
   938 | D:2      | Found a sacrificial altar of Ru.
  1439 | D:3      | Reached XP level 4. HP: 35/35 MP: 4/4
  1555 | D:3      | Found an ancient bone altar of Kikubaaqudgha.
  1869 | D:3      | Found a stormy altar of Qazlal.
  2076 | D:4      | Noticed an ogre
  2089 | D:4      | HP: 1/35 [ogre/+0 giant club (20)]
  2115 | D:3      | Reached skill level 1 in Dodging
  2411 | D:4      | Gained mutation: You have sharp toenails. [demonic
                  | ancestry]
  2411 | D:4      | Reached XP level 5. HP: 36/41 MP: 5/5
  2446 | D:4      | Slain by an orc priest

Levels and vault maps discovered:
D:1:      dpeg_arrival_fog, layout_loops_ring, serial_forest,
          infiniplex_forest_clump_double, infiniplex_forest_lined_4_way,
          infiniplex_forest_lined_3, infiniplex_forest_clump_curved,
          infiniplex_forest_straight_5, infiniplex_forest_clump_small,
          infiniplex_forest_lined_3
D:2:      layout_loops_ring, vehumet_crystals, serial_forest,
          infiniplex_forest_clump_double, infiniplex_forest_straight_1,
          infiniplex_forest_clump_tiny, infiniplex_forest_clump_tiny,
          infiniplex_forest_clump_diagonal, infiniplex_forest_clump_curved,
          infiniplex_forest_corner_1, infiniplex_forest_zigzag_1,
          infiniplex_forest_end_1, infiniplex_forest_clump_tiny,
          nicolae_ru_sacrificial_ziggurat
D:3:      layout_basic, old_standard_altar, old_standard_altar
D:4:      layout_basic, gup_sewer_entry_bubbles, minivault_14, st_stairs_3

Skill      XL: |  1  2  3  4 |
---------------+-------------+-----
Shields        | 3 |  3.5
Axes           | 2 3 |  3.5
Armour         | 3 |  3.3
Dodging        | 1 |  1.1
Fighting       | |  3.4
Stealth        | |  0.1

Action                   |  1- 3 |  4- 6 || total
-------------------------+-------+-------++-------
Melee: War axe           |    94 |    71 ||   165
  Use: Scroll            |     4 |     6 ||    10
       Potion            |     3 |     5 ||     8
  Eat: Chunk             |     2 |     3 ||     5
Armor: Scale mail        |    54 |    28 ||    82
Dodge: Dodged            |    24 |    17 ||    41
Block: Shield            |    56 |    54 ||   110

Table legend:
 A = Non-vault XP
 B = Vault XP
 C = Vault XP percentage of total XP
 D = Non-vault monster count
 E = Vault monster count
 F = Vault count percentage of total count
                 A         B        C        D         E       F
            +---------+---------+-------+---------+---------+-------
      Total |     274 |       0 |   0.0 |      58 |       0 |   0.0
            +---------+---------+-------+---------+---------+-------
        D:1 |      37 |       0 |   0.0 |      19 |       0 |   0.0
        D:2 |      45 |       0 |   0.0 |      13 |       0 |   0.0
        D:3 |     108 |       0 |   0.0 |      23 |       0 |   0.0
        D:4 |      84 |       0 |   0.0 |       3 |       0 |   0.0
            +---------+---------+-------+---------+---------+-------
